 Dungeon Crawl Stone Soup version 0.29-a0-218-gf2abdc9806 (webtiles) character file.

Game seed: 10150991343005702327

249 HotDog the Covered (level 5, -4/47 HPs)
             Began as a Minotaur Fighter on Feb 25, 2022.
             Slain by an ogre
             ... wielding a +0 giant spiked club
              (26 damage)
             ... on level 3 of the Dungeon.
             The game lasted 00:02:59 (4418 turns).

HotDog the Covered (Minotaur Fighter)               Turns: 4418, Time: 00:02:59

Health: -4/47      AC:  7    Str: 22    XL:     5   Next: 87%
Magic:  5/5        EV: 10    Int:  5    God:
Gold:   171        SH:  5    Dex: 16    Spells: 4/4 levels left

rFire   . . .      SeeInvis .   a - +0 long sword
rCold   . . .      Faith    .   c - +0 buckler
rNeg    . . .      Spirit   .   b - +0 scale mail
rPois   +          Reflect  .   (helmet restricted)
rElec   .          Harm     .   (no cloak)
rCorr   .          Rampage  .   (no gloves)
Will    .....                   (no boots)
Stlth   ..........              (no amulet)
HPRegen 0.15/turn               g - ring of poison resistance
MPRegen 0.09/turn               i - +6 ring of dexterity

@: no status effects
A: horns 2, retaliatory headbutt
a: no special abilities


You were on level 3 of the Dungeon.
You visited 1 branch of the dungeon, and saw 4 of its levels.

You collected 171 gold pieces.

Inventory:

Hand Weapons
 a - a +0 long sword (weapon)
Armour
 b - a +0 scale mail (worn)
 c - a +0 buckler (worn)
Jewellery
 g - a ring of poison resistance (left hand)
 i - a +6 ring of dexterity (right hand)
 m - a ring of fire
Scrolls
 f - a scroll of enchant weapon {unknown}
 j - 2 scrolls of teleportation {unknown}
 l - 2 scrolls of immolation
 n - a scroll of identify {unknown}
Potions
 d - 2 potions of might
 e - 3 potions of attraction {unknown}
 h - a potion of curing {unknown}
 k - a potion of degeneration {unknown}
 o - a potion of flight {unknown}
 p - a potion of heal wounds {unknown}


   Skills:
 * Level 4.6 Fighting
 * Level 4.2 Long Blades
 * Level 5.1 Armour
 * Level 1.5 Dodging
 * Level 4.4 Shields
 * Level 1.4 Invocations


You had 4 spell levels left.
You didn't know any spells.
Your spell library contained the following spells:

 Spells                   Type           Power      Damage    Failure   Level
 Ensorcelled Hibernation  Hex/Ice        0%         N/A       95%         2
 Passwall                 Tmut/Erth      0%         N/A       95%         2
 Swiftness                Air            0%         N/A       99%         3
 Summon Ice Beast         Ice/Summ       0%         N/A       100%        4
 Summon Mana Viper        Hex/Summ       0%         N/A       100%        5
 Monstrous Menagerie      Summ           0%         N/A       100%        7


Dungeon Overview and Level Annotations

Branches:
Dungeon (4/15)
 Temple: D:4-7

Altars:

Shops:
D:1 [


Innate Abilities, Weirdness & Mutations

You have a pair of horns on your head.
You reflexively headbutt those who attack you in melee.


Message History

No target in view!
No target in view!
No target in view!
No target in view!
No target in view!
There is a stone staircase leading down here.
Found 22 stones.
You see here 22 stones.
A kobold comes into view. It is wielding a +0 dagger.
The kobold shouts!
An ogre comes into view. It is wielding a +0 giant spiked club.
There are monsters nearby!
There are monsters nearby!
The kobold hits you with a +0 dagger.
You slash the kobold!
You kill the kobold!
The ogre hits you with a +0 giant spiked club!
Things that are here:
a +0 dagger; 5 stones You hit the ogre.
The ogre is moderately wounded.
The ogre hits you with a +0 giant spiked club!
You closely miss the ogre.
The ogre is moderately wounded.
The ogre closely misses you. You furiously retaliate!
You headbutt the ogre. You completely miss the ogre.
The ogre is moderately wounded.
The ogre misses you.
You hit the ogre.
The ogre is heavily wounded.
The ogre hits you with a +0 giant spiked club.
You are too injured to fight recklessly!
You are too injured to fight recklessly!
You are too injured to fight recklessly!
You are too injured to fight recklessly!
You hit the ogre. You headbutt the ogre.
The ogre is severely wounded.
The ogre hits you with a +0 giant spiked club!!
Ouch! That really hurt!
You die...

#.# #.###
#.# #...#
#.# #...#
#.# #...#
#.# ##.##
#.#
####.#
#.#
#....#
### #.###
#.####
..# #.).#
#@#
#.###.###
#O#
.#.†..#
#.#
#.###.#
..# #.#
#.# ..#
#.. ...
##.#
####..##
..# ..#
### #..#


You could see an ogre.

Vanquished Creatures
  A centaur (D:3)
  A hound (D:3)
  2 adders (D:4)
  7 gnolls
  2 worms
  2 dart slugs (D:2)
  4 endoplasms
  4 goblins
  5 hobgoblins
  5 kobolds
  A quokka (D:1)
  5 ball pythons
  4 bats
  4 frilled lizards
  7 rats
54 creatures vanquished.

Vanquished Creatures (others)
  A ball python (D:3)
  A bat (D:3)
2 creatures vanquished.

Grand Total: 56 creatures vanquished

Notes
Turn   | Place    | Note
-------+----------+-------------------------------------------
     0 | D:1      | HotDog the Minotaur Fighter began the quest for the Orb.
     0 | D:1      | Reached XP level 1. HP: 19/19 MP: 0/0
    96 | D:1      | Found a faded altar of an unknown god.
   317 | D:1      | Reached XP level 2. HP: 27/27 MP: 1/1
   498 | D:1      | Found Mol Fiol's Antique Armour Boutique.
   670 | D:2      | Reached skill level 4 in Armour
   872 | D:2      | Reached XP level 3. HP: 33/33 MP: 2/2
  1833 | D:3      | Reached skill level 1 in Dodging
  1833 | D:3      | Reached XP level 4. HP: 19/40 MP: 3/3
  2117 | D:3      | Noticed a centaur
  3395 | D:3      | Killed a centaur
  3396 | D:3      | Reached skill level 1 in Invocations
  3396 | D:3      | Reached XP level 5. HP: 30/47 MP: 4/4
  3773 | D:4      | Reached skill level 5 in Armour
  4410 | D:3      | Noticed an ogre
  4418 | D:3      | Slain by an ogre

Illustrated notes

Levels and vault maps discovered:
D:1:      dpeg_arrival_simpleton_c, layout_loops_ring, serial_shops,
          shop_statue, hellmonk_ecumenical_altar_zigzags, dk_noncrumbling_4,
          minmay_tetromino_l2
D:2:      layout_loops_ring, grunt_ministairs_4
D:3:      layout_loops_ring, grunt_temple_overflow_holy_war, due_unseen_surprise
D:4:      layout_loops_ring, nicolae_overflow_crystal_walls, uniq_natasha

Skill      XL: |  1  2  3  4  5 |
---------------+----------------+-----
Armour         | 4 5 |  5.1
Shields        | 4 |  4.4
Fighting       | 4 |  4.6
Long Blades    | 3 4 |  4.2
Dodging        | 1 |  1.5
Invocations    | 1 |  1.4

Action                   |  1- 3 |  4- 6 || total
-------------------------+-------+-------++-------
Melee: Long sword        |    67 |    48 ||   115
       Headbutt          |    11 |     9 ||    20
  Use: Scroll            |       |     1 ||     1
Armor: Scale mail        |    32 |    24 ||    56
Dodge: Dodged            |    30 |    37 ||    67
Block: Buckler           |    12 |    20 ||    32

Table legend: (Time is in decaauts)
 A = Elapsed time spent in this place.
 B = Non-inter-level travel time spent in this place.
 C = Inter-level travel time spent in this place.
 D = Time resting spent in this place.
 E = Time spent auto-exploring this place.
 F = Levels seen in this place.
 G = Mean time per level.
                   A        B        C        D        E       F      G
               +--------+--------+--------+--------+--------+-----+--------+
         Total |   4453 |   4287 |    166 |   2127 |   1728 |   4 | 1113.2 |
       Dungeon |   4453 |   4287 |    166 |   2127 |   1728 |   4 | 1113.2 |
               +--------+--------+--------+--------+--------+-----+--------+

Top non-repeatable levels by time:
     D:2: 2486 daAuts
     D:3: 1036 daAuts
     D:1: 591 daAuts
     D:4: 337 daAuts
